AoeStats
← Maxi

Migration

509696275Analyzed
1v1 RM · 5d ago on Sep 27, 2026· 86m 21s· 2 players
Game mode
Random Map
Map size
132×132
Population
200
Speed
Normal
Resources
Standard
Victory
Conquest
Starting age
Dark Age
Ending age
Imperial Age
RankedLock teamsTeams togetherTeam positionsShared explorationLock speedFull tech treeHidden civsTurbo modeCheats
Victory
Defeat
🇦🇷 Varangians · Argentina
1091
+15
🇧🇷 Maya · Brazil
1077
-15
Maxi
11:30 Feudal Age
11:53 Fishing Lines
12:08 Double-Bit Axe
16:57 Fletching
17:00 Loom
19:38 Castle Age
20:41 Medium Warships
20:29 Bodkin Arrow
20:45 Forging
26:20 Gold Mining
26:47 Bow Saw
27:19 Gillnets
30:32 Horse Collar
31:16 Stone Mining
31:30 Heavy Plow
33:19 Ballistics
36:17 Imperial Age
36:47 Wheelbarrow
36:01 Eagle Warrior
36:44 Squires
36:47 Scale Mail Armor
40:38 Heavy Warships
42:40 Bracer
43:16 Iron Casting
42:06 Elite Eagle Warrior
49:12 Chain Mail Armor
50:21 Chemistry
51:02 Treadmill Crane
51:33 Masonry
55:35 Blast Furnace
61:35 Crossbowman
62:21 Thumb Ring
62:19 Padded Archer Armor
62:43 Arbalester
75:08 Clinker Construction
75:20 Careening
81:04 Two-Man Saw
Goku Feudal
11:03 Feudal Age
11:29 Double-Bit Axe
11:54 Loom
12:45 Wheelbarrow
13:05 Fishing Lines
18:52 Castle Age
17:58 Gold Mining
19:08 Fletching
19:18 Padded Archer Armor
19:30 Forging
20:57 Bodkin Arrow
21:11 Treadmill Crane
25:00 Bow Saw
24:45 Stone Mining
27:19 Leather Archer Armor
27:53 Medium Warships
28:34 Iron Casting
28:29 Gillnets
31:19 Hand Cart
31:42 Stone Shaft Mining
36:01 Imperial Age
33:55 Ballistics
35:46 Careening
35:47 Clinker Construction
36:15 Clinker Construction
39:22 Shipwright
39:22 Dry Dock
42:02 Bracer
42:32 Ring Archer Armor
42:40 Heavy Warships
41:38 Elite Longship
43:45 Chemistry
46:03 Carvel Hull
55:38 Conscription
58:52 Blast Furnace
57:52 Scale Mail Armor
Connection lost

Rejoining the realm…

Still unreachable

The connection could not be restored.

Session expired

The server has moved on; the page needs a fresh start.